 Dungeon Crawl Stone Soup version 0.14.0-6-g1bc2dff (webtiles) character file.

11653 Kejsarherre the Cleaver (level 12, -7/92 HPs)
             Began as a Formicid Fighter on Apr 11, 2014.
             Was a High Priest of Okawaru.
             Mangled by a two-headed ogre
             ... wielding a +0,+0 giant club
              (16 damage)
             ... on Level 13 of the Dungeon.
             The game lasted 00:54:21 (12736 turns).

Kejsarherre the Cleaver (Formicid Fighter)         Turns: 12736, Time: 00:54:21

HP  -7/92        AC 14     Str 30      XL: 12   Next:  1%
MP  16/16        EV  7     Int 12      God: Okawaru [*****.]
Gold 757         SH 28     Dex 10      Spells:  0 memorised, 11 levels left

rFire  + . .     SeeInvis +     r - +1 war axe
rCold  . . .     Clarity  .     J - +0 plate armour
rNeg   . . .     Conserve .     c - +1 shield
rPois  .         rCorr    .     (helmet unavailable)
rElec  .         rRot     .     D - +0 cloak
SustAb . .       Spirit   .     N - +1 pair of gloves "Gucwiuwk" {+Fly rF+}
rMut   .         Warding  .     (no boots)
Gourm  +         Stasis   +     i - amulet of the gourmand
MR     +....                    (no ring)
                                h - +3 ring of strength

@: brilliant, somewhat resistant to hostile enchantments, extremely unstealthy
A: permanent stasis, dig shafts and tunnels, four strong arms, antennae 3
a: Dig, Shaft Self, Heroism, Renounce Religion, Evoke Flight


You were on level 13 of the Dungeon.
You worshipped Okawaru.
Okawaru was extremely pleased with you.
You were very hungry.

You visited 2 branches of the dungeon, and saw 14 of its levels.
You also visited: Sewer and Bailey.

You collected 757 gold pieces.

Inventory:

Hand weapons
 r - a +1,+1 war axe (weapon)
Missiles
 e - 4 tomahawks of returning (quivered)
Armour
 c - a +1 shield (worn)
 t - a +0 pair of gloves
 y - a +2 large shield
 D - a +0 cloak (worn)
 J - a +0 plate armour (worn)
 N - the +1 pair of gloves "Gucwiuwk" (worn) {+Fly rF+}
   (Okawaru gifted it to you on level 13 of the Dungeon)

   It protects you from fire.
   It lets you fly.
Magical devices
 f - a wand of fireball (0)
Comestibles
 b - a choko
 d - a bread ration
 n - 3 meat rations
 q - a honeycomb
 z - a pear
 L - an apple
 M - a rotting chunk of hound flesh
Scrolls
 l - 2 scrolls of enchant armour
 m - 2 scrolls of enchant weapon I
 o - 2 scrolls of remove curse
 s - a scroll of enchant weapon II
 v - 2 scrolls of recharging
 w - a scroll of magic mapping
 C - a scroll of amnesia
 H - a scroll of fog
Jewellery
 h - a +3 ring of strength (left hand)
 i - an amulet of the gourmand (around neck)
 j - an uncursed ring of fire
 p - an uncursed ring of ice
Potions
 a - a potion of berserk rage
 g - a potion of restore abilities
 k - 2 potions of resistance
 x - 2 potions of magic
 B - a potion of might
 E - a potion of confusion {unknown}
 F - a potion of agility
 K - a potion of curing
Books
 G - a Necronomicon {highlevel, unknown}

   This book is beyond your current level of understanding.

   Spells                             Type                      Level
   Haunt                              Necromancy/Summoning         7
   Borgnjor's Revivification          Necromancy                   8
   Death's Door                       Charms/Necromancy            8
   Necromutation                      Transmutation/Necromancy     8
 I - a book of the Dragon

   Spells                             Type                      Level
   Flight                             Charms/Air                   3
   Cause Fear                         Hexes                        4
   Bolt of Fire                       Conjuration/Fire             6
   Dragon Form                        Transmutation                7
   Dragon's Call                      Summoning                    9
Magical staves
 A - an uncursed staff of air


   Skills:
 + Level 7.6 Fighting
 - Level 13.6 Axes
 - Level 3.4 Armour
 + Level 12.0 Shields


You had 11 spell levels left.
You didn't know any spells.

Dungeon Overview and Level Annotations

Branches:
Dungeon (13/15)            Temple (1/1) D:5            Lair (0/8) D:9
 Vaults (0/5) D:13
    Orc: D:9-12

Altars:
Ashenzari
Elyvilon
Fedhas
Makhleb
Nemelex Xobeh
Okawaru
Sif Muna
Trog
Vehumet
Xom
Yredelemnul
Zin
The Shining One

Annotations:
D:4 Sedillia's ghost, experienced MiFi


Innate Abilities, Weirdness & Mutations

Your are under a permanent stasis effect.
You can dig through walls and to a lower floor.
Your four strong arms can wield two-handed weapons with a shield.
You have a pair of large antennae on your head (SInv).


Message History

You feel clever all of a sudden.
It was a potion of brilliance.
You block the two-headed ogre's attack. You block the two-headed ogre's attack.
A two-headed ogre comes into view. It is wielding two giant clubs.
You hit the two-headed ogre.
The two-headed ogre is lightly wounded.
The two-headed ogre barely misses you.
The two-headed ogre hits you but does no damage.
You block the two-headed ogre's attack. The two-headed ogre barely misses you.
You slash the two-headed ogre!
The two-headed ogre is heavily wounded.
You hit the two-headed ogre.
The two-headed ogre is severely wounded.
The two-headed ogre hits you with a giant club!
* * * LOW HITPOINT WARNING * * *
The two-headed ogre hits you with a giant club!
* * * LOW HITPOINT WARNING * * *
The two-headed ogre hits you but does no damage.
The two-headed ogre hits you with a giant spiked club!
You die...

.....#
..##.#########
..##..........
..##.#########
.###.# # .#
#.# #. .# #.#
#.### .# #.#
#.O.# .# #.#
#@# .# #.# #O#
.# #.######
#@# .#
#......# #.#
.# ######.#
#.###### .#
#.# #......# .
#.# ##.###.#
#.# ##.# #.#
##..#


You could see a necromancer and 2 two-headed ogres.

Vanquished Creatures
  An unseen horror (D:13)
  2 hill giants
  A hydra zombie (D:12)
  3 trolls
  4 two-headed ogres
  A catoblepas skeleton (D:12)
  A shadow (D:12)
  10 yaks
  A wraith (D:10)
  A wyvern (D:12)
  2 hippogriffs (D:10)
  2 hungry ghosts
  An ogre zombie (D:13)
  A necrophage (D:7)
  Menkaure (D:7)
  A soldier ant (D:13)
  6 ogres
  2 black bears (D:9)
  A giant goldfish (D:11)
  6 orc warriors
  A phantom (D:6)
  2 sky beasts
  An ice beast (D:12)
  8 giant frogs
  4 killer bees
  9 scorpions
  An eye of draining (D:3)
  A troll skeleton (D:10)
  3 crimson imps
  A yak skeleton (D:9)
  4 goliath beetles
  2 iguanas
  5 orc priests
  7 hounds
  4 jellies
  A big fish (D:11)
  11 orc wizards
  2 worker ants
  2 big kobold skeletons
  Terence (D:2)
  A green rat (D:6)
  13 adders
  2 shadow imps
  13 giant mites
  5 worms
  2 orc zombies
  5 giant eyeballs
  16 giant geckos
  3 oozes
  30 orcs
  13 giant cockroaches
  16 goblins
  17 hobgoblins
  12 kobolds
  7 quokkas
  20 ball pythons
  13 bats
  A giant mite zombie (D:7)
  11 giant newts
  A giant spore (D:8)
  17 jackals
  A kobold zombie (D:6)
  2 orc skeletons
  23 rats
  9 ballistomycetes
371 creatures vanquished.

Vanquished Creatures (others)
  A giant spore (D:10)
1 creature vanquished.

Grand Total: 372 creatures vanquished

Notes
Turn   | Place    | Note
--------------------------------------------------------------
     0 | D:1      | Kejsarherre, the Formicid Fighter, began the quest for the Orb.
     0 | D:1      | Reached XP level 1. HP: 18/18 MP: 1/1
    79 | D:1      | Reached XP level 2. HP: 24/24 MP: 3/3
   172 | D:1      | Reached XP level 3. HP: 12/29 MP: 4/4
   945 | D:2      | Noticed Terence
   969 | D:2      | Killed Terence
   969 | D:2      | Reached XP level 4. HP: 22/35 MP: 5/5
  1148 | D:2      | Reached skill level 4 in Axes
  2162 | D:3      | Noticed an orc warrior
  2184 | D:3      | Killed an orc warrior
  2184 | D:3      | Reached skill level 5 in Axes
  2184 | D:3      | Reached XP level 5. HP: 18/41 MP: 7/7
  2364 | D:3      | Reached XP level 6. HP: 47/47 MP: 8/8
  2520 | D:3      | Found a glowing silver altar of Zin.
  2610 | D:3      | Found a bloodstained altar of Trog.
  2637 | D:3      | Reached skill level 6 in Axes
  3048 | D:4      | Noticed Sedillia's ghost (experienced MiFi)
  3115 | D:3      | Reached XP level 7. HP: 42/52 MP: 9/9
  3385 | D:3      | Reached skill level 7 in Axes
  3492 | D:5      | Entered Level 5 of the Dungeon
  3492 | D:5      | Found a staircase to the Ecumenical Temple.
  3505 | Temple   | Entered the Ecumenical Temple
  3547 | Temple   | Became a worshipper of Warmaster Okawaru
  3821 | D:5      | Reached skill level 8 in Axes
  3974 | D:5      | Found a white marble altar of Elyvilon.
  3988 | D:5      | Reached XP level 8. HP: 54/58 MP: 11/11
  4015 | D:5      | Found a sparkling altar of Nemelex Xobeh.
  4055 | D:5      | Found a basalt altar of Yredelemnul.
  4278 | D:6      | Acquired Okawaru's first power
  4289 | D:6      | Reached skill level 9 in Axes
  4415 | D:6      | Found a glowing drain.
  4442 | Sewer    | Entered a sewer
  4802 | Sewer    | Reached skill level 10 in Axes
  5209 | D:6      | Reached XP level 9. HP: 33/64 MP: 12/12
  5625 | D:7      | Reached skill level 11 in Axes
  5771 | D:7      | Found a bloodstained altar of Trog.
  6390 | D:7      | Noticed Menkaure
  6395 | D:7      | Killed Menkaure
  6693 | D:7      | Reached skill level 12 in Axes
  7221 | D:8      | Reached XP level 10. HP: 43/70 MP: 13/13
  7546 | D:9      | Reached skill level 13 in Axes
  7639 | D:9      | Found a blossoming altar of Fedhas.
  7898 | D:9      | Found a flagged portal.
  7952 | Bailey   | Entered a bailey
  7952 | Bailey   | Noticed Bloax's ghost (experienced VSMo)
  8643 | D:9      | Found a staircase to the Lair.
  8702 | D:10     | Entered Level 10 of the Dungeon
  8769 | D:10     | Reached skill level 5 in Shields
  8986 | D:10     | Noticed a hill giant
  9006 | D:10     | Killed a hill giant
  9265 | D:10     | Found a deep blue altar of Sif Muna.
  9575 | D:10     | Reached XP level 11. HP: 34/78 MP: 12/15
  9885 | D:11     | Noticed a hill giant
  9895 | D:11     | Killed a hill giant
  9895 | D:11     | Reached skill level 5 in Fighting
 10425 | D:10     | Reached skill level 10 in Shields
 10926 | D:12     | Acquired Okawaru's second power
 12233 | D:13     | Noticed an unseen horror
 12399 | D:13     | Killed an unseen horror
 12698 | D:13     | Received a gift from Okawaru
 12698 | D:13     | Reached XP level 12. HP: 63/92 MP: 16/16
 12701 | D:13     | Got a pair of faintly glowing gloves {god gift}
 12705 | D:13     | Identified the +1 pair of gloves "Gucwiuwk" {+Fly rF+} (Okawaru gifted it to you on level 13 of the Dungeon)
 12716 | D:13     | Found a gate to the Vaults.
 12716 | D:13     | Noticed a necromancer
 12736 | D:13     | Mangled by a two-headed ogre

Action                   |  1- 3 |  4- 6 |  7- 9 | 10-12 || total
-------------------------+-------+-------+-------+-------++-------
Melee: War axe           |    57 |   110 |   559 |   676 ||  1402
       Hand axe          |    80 |   144 |       |       ||   224
       Staff             |       |       |     7 |       ||     7
Throw: Throwing net      |       |     1 |     3 |       ||     4
       Tomahawk          |       |       |    12 |    14 ||    26
Invok: Heroism           |       |       |     1 |     6 ||     7
 Abil: Dig               |     2 |       |       |       ||     2
Evoke: Wand              |       |     1 |    10 |       ||    11
  Use: Scroll            |     3 |     9 |     7 |     9 ||    28
       Potion            |     1 |     1 |     3 |     7 ||    12
 Stab: Invisible         |       |       |       |     4 ||     4
